 Dungeon Crawl Stone Soup version 0.19.4-9-g45fd643 (webtiles) character file.

246 vatarom the Firebug (level 6, -1/35 HPs)
             Began as a Tengu Fire Elementalist on Feb 21, 2017.
             Slain by a big kobold
             ... wielding a +0 dagger of venom
              (2 damage)
             ... on level 3 of the Dungeon.
             The game lasted 00:08:10 (3776 turns).

vatarom the Firebug (Tengu Fire Elementalist)       Turns: 3776, Time: 00:08:11

Health: -1/35      AC:  2    Str: 14    XL:     6   Next: 11%
Magic:  7/10       EV: 12    Int: 17    God:
Gold:   109        SH:  0    Dex: 14    Spells: 3 memorised, 3 levels left

rFire  . . .     SeeInvis .     h - +2 whip (venom)
rCold  . . .     Gourm    .     a - +0 robe
rNeg   . . .     Faith    .     (no shield)
rPois  .         Spirit   .     (helmet restricted)
rElec  .         Reflect  .     (no cloak)
rCorr  .         Harm     .     (no gloves)
MR     .....                    (boots unavailable)
Stlth  +.........               (no amulet)
                                (no ring)
                                (no ring)

@: mighty, lethally poisoned (-1 -> -43)
A: beak, talons 3, able to fly 1
a: Fly


You were on level 3 of the Dungeon.
You were not hungry.

You visited 1 branch of the dungeon, and saw 3 of its levels.

You collected 109 gold pieces.

Inventory:

Hand Weapons
 h - a +2 whip of venom (weapon)
 i - a +0 trident
Missiles
 j - 4 tomahawks (quivered)
Armour
 a - a +0 robe (worn)
Potions
 d - a potion of brilliance
 k - a potion of flight
Books
 b - a book of Flames

   Spells                             Type                      Level
   a - Flame Tongue                   Conjuration/Fire             1
   b - Throw Flame                    Conjuration/Fire             2
   c - Conjure Flame                  Conjuration/Fire             3
   d - Inner Flame                    Hexes/Fire                   3
   e - Sticky Flame                   Conjuration/Fire             4
   f - Fireball                       Conjuration/Fire             5
Comestibles
 c - a bread ration
 f - a beef jerky
 g - a meat ration


   Skills:
 - Level 2.1 Fighting
 - Level 2.1 Dodging
 - Level 2.4 Stealth
 - Level 2.0 Spellcasting
 - Level 1.3 Conjurations
 + Level 6.5 Fire Magic


You had 3 spell levels left.
You knew the following spells:

 Your Spells              Type           Power        Failure   Level  Hunger
a - Flame Tongue          Conj/Fire      ###..        4%          1    #......
b - Throw Flame           Conj/Fire      ###...       10%         2    ###....
c - Conjure Flame         Conj/Fire      ###.....     14%         3    ###....


Dungeon Overview and Level Annotations

Branches:
Dungeon (3/15)

Altars:
Ru


Innate Abilities, Weirdness & Mutations

You have a beak for a mouth.
You have claws for feet.
You can fly.


Message History

You are more poisoned.
The big kobold closely misses you.
Things that are here:
a potion of flight; a kobold corpse You feel very mighty all of a sudden.
* * * LOW HITPOINT WARNING * * *
You feel very sick.
The big kobold hits you but does no damage.
You are more poisoned.
Casting: Flame Tongue
Confirm with . or Enter, or press ? or * to list all spells.
Aiming: Flame Tongue
Press: ? - help, Shift-Dir - straight line, f/p - big kobold
Aim: a big kobold, wielding a dagger of venom and wearing a chain mail (moderately wounded, poisoned)
The flame tongue hits the big kobold.
The big kobold appears unharmed.
The big kobold is moderately wounded.
* * * LOW HITPOINT WARNING * * *
You feel very sick.
The big kobold hits you with a dagger of venom.
You die...

####### . #..... .. ....
#. ##### ##..####≈≈≈### ##
.....≈≈≈≈≈≈≈≈###### ###.
......≈≈≈≈≈≈≈≈≈...#####...
#.)(≈@≈........)....##
###..K(.##.....######
#....###.....# #....#
#.....# ###### #.....# #
######### ####### #
........# ###### ........#
#....#
........###########....#


You could see a big kobold.

Vanquished Creatures
  An orc wizard (D:2)
  Natasha (thrice) (D:2)
  4 adders
  A river rat (D:3)
  An ooze (D:2)
  A worm (D:3)
  3 dart slugs
  3 leopard geckos
  6 orcs
  3 ball pythons
  3 bats
  6 giant cockroaches
  8 hobgoblins
  7 jackals
  A quokka (D:3)
  A frilled lizard (D:2)
  6 goblins
  12 kobolds
  5 rats
75 creatures vanquished.

Notes
Turn   | Place    | Note
-------+----------+-------------------------------------------
     0 | D:1      | vatarom the Tengu Fire Elementalist began the quest for the Orb.
     0 | D:1      | Reached XP level 1. HP: 10/10 MP: 4/4
   185 | D:1      | Reached XP level 2. HP: 10/16 MP: 3/6
   217 | D:1      | Learned a level 2 spell: Throw Flame
   223 | D:1      | Reached skill level 1 in Fighting
   498 | D:1      | Reached XP level 3. HP: 21/21 MP: 3/7
  1060 | D:2      | Reached skill level 4 in Fire Magic
  1156 | D:2      | Reached XP level 4. HP: 26/26 MP: 6/8
  1283 | D:2      | Found a sacrificial altar of Ru.
  1307 | D:2      | Noticed Natasha
  1683 | D:2      | Learned a level 3 spell: Conjure Flame
  2063 | D:2      | Killed Natasha
  2063 | D:2      | Reached skill level 5 in Fire Magic
  2203 | D:2      | Noticed Natasha
  2205 | D:2      | Killed Natasha
  2205 | D:2      | Gained mutation: You can fly. [Tengu growth]
  2205 | D:2      | Reached XP level 5. HP: 30/30 MP: 5/9
  2390 | D:2      | Noticed Natasha
  2397 | D:2      | Killed Natasha
  2687 | D:2      | Reached skill level 6 in Fire Magic
  3095 | D:3      | Reached XP level 6. HP: 21/35 MP: 6/10
  3295 | D:3      | HP: 1/35 [poisoned by an adder]
  3776 | D:3      | HP: 1/35 [poisoned by a big kobold]
  3776 | D:3      | Slain by a big kobold

Skill      XL: |  1  2  3  4  5 |
---------------+----------------+-----
Fighting       | 2 |  2.1
Fire Magic     | 4 5 6 |  6.5
Dodging        | |  2.1
Stealth        | |  2.4
Spellcasting   | |  2.0
Conjurations   | |  1.3

Action                   |  1- 3 |  4- 6 || total
-------------------------+-------+-------++-------
Melee: Spear             |    38 |    29 ||    67
       Kick              |     8 |    10 ||    18
       Peck              |     6 |     1 ||     7
       Trident           |       |    30 ||    30
       Whip              |       |     3 ||     3
 Cast: Flame Tongue      |    37 |    65 ||   102
       Throw Flame       |     4 |     5 ||     9
  Use: Scroll            |     3 |     3 ||     6
       Potion            |     2 |     5 ||     7
  Eat: Chunk             |     2 |       ||     2
       Meat ration       |       |     1 ||     1
       Bread ration      |       |     1 ||     1
Armor: Robe              |    23 |    11 ||    34
Dodge: Dodged            |    35 |    56 ||    91
